 Dungeon Crawl Stone Soup version 0.22-a0-750-ga7dcef7 (webtiles) character file.

53 Mamutox the Ruffian (level 3, 0/36 HPs)
             Began as a Troll Chaos Knight on July 15, 2018.
             Slain by a gnoll
             ... wielding a +0 halberd
              (2 damage)
             ... on level 2 of the Dungeon on July 16, 2018.
             The game lasted 00:03:00 (1198 turns).

Mamutox the Ruffian (Troll Chaos Knight)            Turns: 1198, Time: 00:03:04

Health: 0/36       AC:  7    Str: 20    XL:     3   Next: 62%
Magic:  2/2        EV: 10    Int:  8    God:    Xom [*.....]
Gold:   121        SH:  0    Dex: 10    Spells: 2/2 levels left

rFire    . . .     SeeInvis .     - Unarmed
rCold    . . .     Gourm    +   (no shield)
rNeg     . . .     Faith    .   a - +2 robe
rPois    .         Spirit   .   (helmet restricted)
rElec    .         Reflect  .   (no cloak)
rCorr    .         Harm     .   (gloves unavailable)
MR       .....                  (boots unavailable)
Stlth    +.........             (no amulet)
HPRegen  0.52/turn              (no ring)
MPRegen  0.08/turn              (no ring)

@: lethally poisoned (0 -> -1)
A: large, unfitting armour, claws 3, fast metabolism 3, gourmand, regeneration
1, shaggy fur 1, tough skin 2
a: Renounce Religion


You were on level 2 of the Dungeon.
You worshipped Xom.
You were a special plaything of Xom.
You were very full.

You visited 1 branch of the dungeon, and saw 2 of its levels.

You collected 121 gold pieces.

Inventory:

Hand Weapons
 i - a +6 spear of venom
Armour
 a - a +2 robe (worn)
Scrolls
 c - 2 scrolls of identify {unknown}
 e - a scroll of magic mapping {unknown}
 f - a scroll of remove curse {unknown}
 g - a scroll of immolation {unknown}
Potions
 d - a potion of mutation {unknown}
 h - a potion of lignification {unknown}
Miscellaneous
 j - a phantom mirror
Comestibles
 b - 2 rations
 k - 4 chunks of flesh


   Skills:
 - Level 2.4 Fighting
 - Level 1.9 Dodging
 + Level 4.7 Unarmed Combat


You had 2 spell levels left.
You didn't know any spells.
Your spell library was empty.

Dungeon Overview and Level Annotations

Branches:
Dungeon (2/15)

Altars:


Innate Abilities, Weirdness & Mutations

You are too large for most types of armour.
You have claws for hands.
Your metabolism is lightning-fast.
You like to eat raw meat.
Your natural rate of healing is unusually fast.
You are covered in fur. (AC +1)
You have very tough skin. (AC +2)


Message History

You hear Xom's avuncular chuckle.
The gnoll evaporates and reforms as a killer bee!
The killer bee stings you but does no damage.
The gnoll hits you from afar with a halberd.
You closely miss the killer bee. The killer bee closely misses you.
The killer bee completely misses you.
You miss the killer bee. The killer bee misses you.
The gnoll hits you but does no damage. The killer bee closely misses you.
You barely miss the killer bee. The killer bee stings you.
The gnoll hits you from afar with a halberd!
The rat twitches its whiskers.
The killer bee stings you!
* * * LOW HITPOINT WARNING * * *
You closely miss the killer bee. The killer bee stings you!
* * * LOW HITPOINT WARNING * * *
You are poisoned.
The killer bee poisons you!
The gnoll hits you from afar with a halberd.
You die...
Xom laughs nastily!

...........
.#.###......
#.#.###.#....
#............
#...###^.#... #...#
#.##)#. #...# #.#.##.
#.#######...###...#..
#rgy@......>##..#.).#
#########.####.######
#.# #.# #.# #.# #.#
#.# #.# #.# #.# #.#
#.# ##.# #.# #..#


You could see a killer bee, a gnoll and a rat.

Vanquished Creatures
  A gnoll (D:2)
  A dart slug (D:2)
  A leopard gecko (D:1)
  11 bats
  2 giant cockroaches (D:1)
  3 goblins
  4 hobgoblins
  2 jackals (D:1)
  A frilled lizard (D:1)
  7 kobolds
  4 rats (D:1)
37 creatures vanquished.

Notes
Turn   | Place    | Note
-------+----------+-------------------------------------------
     0 | D:1      | Mamutox the Troll Chaos Knight began the quest for the Orb.
     0 | D:1      | Reached XP level 1. HP: 22/22 MP: 0/0
   138 | D:1      | XOM: divination: detect items
   167 | D:1      | XOM: silly message
   264 | D:1      | Reached XP level 2. HP: 29/29 MP: 1/1
   405 | D:1      | XOM: cast spell 'Summon Butterflies'
   414 | D:1      | XOM: harmless Erth miscast
   434 | D:1      | Reached skill level 4 in Unarmed Combat
   624 | D:1      | XOM: god gift: glowing spear {god gift}
   644 | D:1      | Reached XP level 3. HP: 35/36 MP: 2/2
  1040 | D:2      | XOM: god gift: phantom mirror
  1054 | D:2      | XOM is BORED!
  1054 | D:2      | XOM: mild Chrm miscast
  1194 | D:2      | Noticed a killer bee
  1194 | D:2      | a gnoll changed into a killer bee
  1194 | D:2      | XOM: polymorph gnoll -> killer bee
  1198 | D:2      | Slain by a gnoll

Vault maps used:
D:1:      minmay_arrival_checkered_box, skrybe_limestone_x, minivault_27,
          minmay_misc_feat_chi, st_stairs_4, eino_curves_03, hex_large
D:2:      lemuel_coloured_pillars_altar, minmay_tetromino_s2

Skill      XL: |  1  2 |
---------------+-------+-----
Unarmed Combat | 4 |  4.7
Fighting       | |  2.4
Dodging        | |  1.9

Action                   || total
-------------------------++-------
Melee: Unarmed           ||   101
  Eat: Chunk             ||    16
Armor: Robe              ||    61
Dodge: Dodged            ||    87

Table legend:
 A = Spawn XP
 B = Non-spawn XP
 C = Spawn XP percentage of total XP
 D = Spawn monster count
 E = Non-spawn monster count
 F = Spawn count percentage of total count
 G = Total turns spent on level
                    A         B        C        D         E        F      G
               +---------+---------+-------+---------+---------+-------+---------
         Total |       0 |      76 |   0.0 |       0 |      37 |   0.0 |  1198
               +---------+---------+-------+---------+---------+-------+---------
           D:1 |       0 |      49 |   0.0 |       0 |      30 |   0.0 |   954
           D:2 |       0 |      27 |   0.0 |       0 |       7 |   0.0 |   244
               +---------+---------+-------+---------+---------+-------+---------
